 Dungeon Crawl Stone Soup version 0.24-b1 (webtiles) character file.

Game seed: 18188677930106984538, levelgen mode: deterministic

200 Chiseanne the Magician (level 6, -3/41 HPs)
             Began as a Formicid Wizard on Oct 13, 2019.
             Slain by a centaur (5 damage)
             ... on level 4 of the Dungeon.
             The game lasted 00:08:51 (3606 turns).

Chiseanne the Magician (Formicid Wizard)            Turns: 3606, Time: 00:08:51

Health: -3/41      AC:  3    Str: 11    XL:     6   Next: 6%
Magic:  9/13       EV: 12    Int: 20    God:
Gold:   150        SH:  0    Dex:  9    Spells: 8/15 levels left

rFire    . . .     SeeInvis +   a - +4 dagger
rCold    . . .     Gourm    .   (no shield)
rNeg     . . .     Faith    .   h - +0 robe
rPois    .         Spirit   .   (helmet unavailable)
rElec    .         Reflect  .   i - +0 cloak
rCorr    .         Harm     .   (no gloves)
MR       .....                  (no boots)
Stlth    ++........             (no amulet)
HPRegen  0.13/turn              (no ring)
MPRegen  0.13/turn              (no ring)

@: very slightly contaminated, lightly drained
A: permanent stasis, dig shafts and tunnels, four strong arms, antennae 3
a: Dig, Shaft Self


You were on level 4 of the Dungeon.
You were near starving.

You visited 1 branch of the dungeon, and saw 4 of its levels.

You collected 150 gold pieces.

Inventory:

Hand Weapons
 a - a +4 dagger (weapon)
 m - a +1 mace of holy wrath
Missiles
 e - 153 stones
 f - 10 poisoned darts (quivered)
 n - 24 bolts
 q - 38 arrows
Armour
 h - a +0 robe (worn)
 i - a +0 cloak (worn)
Jewellery
 d - an uncursed ring of fire
Wands
 b - a wand of flame (24)
 l - a wand of random effects (17)
 s - a wand of paralysis (7)
Scrolls
 g - a scroll of magic mapping
 j - a scroll of remove curse
 k - 2 scrolls of identify
Potions
 o - a potion of heal wounds
 p - a potion of agility
 r - a potion of invisibility {unknown}
 t - a potion of flight {unknown}
Comestibles
 c - 3 rations


   Skills:
 - Level 1.7(1.6) Dodging
 - Level 2.4(2.3) Stealth
 * Level 5.0(4.9) Spellcasting
 * Level 3.3(3.2) Conjurations
   Level 1.0(0.9) Summonings
   Level 0.8(0.7) Translocations
 * Level 1.0(0.9) Air Magic


You had 8 spell levels left.
You knew the following spells:

 Your Spells              Type           Power        Failure   Level  Hunger
a - Magic Dart            Conj           ###.         3%          1    None
b - Conjure Flame         Conj/Fire      ##......     19%         3    ##.....
d - Mephitic Cloud        Conj/Pois/Air  ##......     21%         3    ##.....

Your spell library contained the following spells:

 Spells                   Type           Power        Failure   Level  Hunger
 Call Imp                 Summ           #.......     12%         2    #......
 Slow                     Hex            #.......     19%         2    #......
 Blink                    Tloc           Unusable     N/A         2    N/A

Dungeon Overview and Level Annotations

Branches:
Dungeon (4/15)
 Temple: D:4-7

Altars:
Fedhas
Sif Muna


Innate Abilities, Weirdness & Mutations

You cannot be hasted, slowed, berserked, paralysed or teleported.
You can dig through walls and to a lower floor.
Your four strong arms can wield two-handed weapons with a shield.
You have a pair of large antennae on your head. (SInv)


Message History

The centaur is heavily wounded.
The centaur grins madly.
The centaur closely misses you.
You hit the centaur.
The centaur is severely wounded.
The centaur barely misses you. The centaur hits you!
* * * LOW HITPOINT WARNING * * *
You hit the centaur.
The centaur is severely wounded.
The centaur seems less confused.
The centaur barely misses you.
You hit the centaur.
The centaur is almost dead.
The centaur hits you.
* * * LOW HITPOINT WARNING * * *
The centaur hits you.
* * * LOW HITPOINT WARNING * * *
You barely miss the centaur.
The centaur is almost dead.
The centaur hits you.
You die...

############.#
#..............#
#.##.##.....#..## #.
#.##.........# #.
#.##.........# #.
#.##.......<.# #. #.
#.##.......<##
##..#.##.##.####...####
#.....@.>..............
##..#c.................
#..####.......#...####
#..# #(##........####
#..# #(..............
#..# #.##........####
#..####.##....##..#
##.......##....##..#
#..............##..####


You could see a centaur.

Vanquished Creatures
  2 orc priests (D:3)
  Robin (D:2)
  2 adders
  An ooze (D:1)
  3 worms
  3 dart slugs
  6 leopard geckos
  6 orcs (D:3)
  A giant cockroach (D:4)
  17 goblins
  7 hobgoblins
  16 kobolds
  2 quokkas
  6 bats
  5 frilled lizards
  9 rats
  A plant (D:2)
88 creatures vanquished.

Notes
Turn   | Place    | Note
-------+----------+-------------------------------------------
     0 | D:1      | Chiseanne the Formicid Wizard began the quest for the Orb.
     0 | D:1      | Reached XP level 1. HP: 13/13 MP: 4/4
    33 | D:1      | Reached skill level 1 in Conjurations
   153 | D:1      | Reached XP level 2. HP: 19/19 MP: 0/6
   658 | D:1      | Reached XP level 3. HP: 24/24 MP: 4/8
  1156 | D:2      | Reached skill level 4 in Spellcasting
  1261 | D:2      | Noticed Robin
  1283 | D:2      | You fall into a shaft and drop 1 floor!
  1456 | D:3      | Reached XP level 4. HP: 30/30 MP: 3/10
  1691 | D:3      | Learned a level 3 spell: Mephitic Cloud
  1731 | D:3      | Reached XP level 5. HP: 19/35 MP: 1/11
  2062 | D:2      | Killed Robin
  2681 | D:3      | Learned a level 3 spell: Conjure Flame
  2902 | D:3      | Found a shimmering blue altar of Sif Muna.
  3014 | D:3      | Found a blossoming altar of Fedhas.
  3495 | D:4      | Reached XP level 6. HP: 41/41 MP: 8/13
  3525 | D:4      | Reached skill level 5 in Spellcasting
  3534 | D:4      | Reached skill level 1 in Air Magic
  3605 | D:4      | HP: 2/41 [centaur (2)]
  3606 | D:4      | Slain by a centaur

Skill      XL: |  1  2  3  4  5  6 |
---------------+-------------------+-----
Conjurations   | 1 2 3 |  3.3
Spellcasting   | 4 5 |  5.0
Air Magic      | 1 |  1.0
Dodging        | |  1.7
Stealth        | |  2.4
Summonings     | |  1.0
Translocations | |  0.8

Action                   |  1- 3 |  4- 6 || total
-------------------------+-------+-------++-------
Melee: Whip              |     9 |       ||     9
       Short sword       |    17 |       ||    17
       Dagger            |       |    61 ||    61
Throw: Dart              |     5 |       ||     5
 Cast: Magic Dart        |    62 |   122 ||   184
       Mephitic Cloud    |       |     3 ||     3
 Abil: Dig               |     4 |       ||     4
       Shaft Self        |     1 |       ||     1
Evoke: Wand              |     1 |       ||     1
  Use: Scroll            |     3 |     7 ||    10
       Potion            |     1 |       ||     1
 Stab: Sleeping          |       |     1 ||     1
  Eat: Chunk             |     2 |     5 ||     7
Armor: Robe              |     3 |     6 ||     9
Dodge: Dodged            |    32 |    31 ||    63
